 Dungeon Crawl Stone Soup version 0.26-a0-1222-g14533b3512 (webtiles) character file.

Game seed: 2119794889260004900

523 sanka the Insei (level 7, 59/59 HPs)
             Began as a White Draconian Monk on Dec 31, 2020.
             Was a Priest of Okawaru.
             Quit the game on level 4 of the Dungeon.
             The game lasted 00:04:47 (3549 turns).

sanka the Insei (White Draconian Monk)              Turns: 3549, Time: 00:04:47

Health: 59/59      AC:  7    Str: 13    XL:     7   Next: 2%
Magic:  10/10      EV: 13    Int: 10    God:    Okawaru [***...]
Gold:   166        SH:  0    Dex: 16    Spells: 6/6 levels left

rFire    . . .     SeeInvis .     - Unarmed
rCold    + . .     Faith    +   (no shield)
rNeg     . . .     Spirit   .   (armour unavailable)
rPois    .         Reflect  .   (helmet restricted)
rElec    .         Harm     .   (no cloak)
rCorr    +         Rampage  .   r - +0 pair of gloves (curse)
Will     .....                  (no boots)
Stlth    ++........             g - amulet of faith
HPRegen  0.19/turn              (no ring)
MPRegen  0.12/turn              q - ring of resist corrosion

@: no status effects
A: breathe frost, unfitting armour, cold resistance 1, cold-blooded, AC +6
a: Breathe Frost, Renounce Religion, Heroism


You were on level 4 of the Dungeon.
You worshipped Okawaru.
Okawaru was most pleased with you.
You visited 1 branch of the dungeon, and saw 4 of its levels.

You collected 166 gold pieces.


Innate Abilities, Weirdness & Mutations

You can breathe waves of freezing cold.
You can buffet flying creatures when you breathe cold.
Your icy white scales are hard. (AC +6)
You cannot fit into any form of body armour.
Your flesh is cold resistant. (rC+)
You are cold-blooded and may be slowed by cold attacks.


   Skills:
 - Level 4.0 Fighting
 - Level 2.6 Dodging
 - Level 1.7 Stealth
 + Level 6.7 Unarmed Combat
 - Level 4.0 Invocations


You had 6 spell levels left.
You didn't know any spells.
Your spell library was empty.

Inventory:

Missiles
 f - 3 throwing nets {=f}
 k - 6 silver javelins (quivered)
Armour
 r - a cursed +0 pair of gloves (worn)
Jewellery
 g - an amulet of faith (around neck)
 q - a ring of resist corrosion (right hand)
Scrolls
 a - a scroll of enchant weapon {unknown}
 b - 3 scrolls of remove curse {unknown}
 c - 4 scrolls of identify {unknown}
 d - 2 scrolls of magic mapping {unknown}
 h - 3 scrolls of noise {unknown}
 i - a scroll of fog {unknown}
 l - a scroll of amnesia {unknown}
 o - 2 scrolls of teleportation {unknown}
 p - 2 scrolls of blinking {unknown}
Potions
 e - a potion of degeneration {unknown}
 j - a potion of brilliance {unknown}
 m - a potion of cancellation {unknown}
 n - a potion of attraction {unknown}

Dungeon Overview and Level Annotations

Branches:
Dungeon (4/15)
 Temple: D:4-7

Altars:
Elyvilon
Okawaru
Trog
Uskayaw
The Shining One

.........▒▒
▒▒▒▒▒▒▒
..........▒▒
▒▒▒▒▒▒▒.▒..▒▒
▒ ▒.▒▒..▒ ▒▒
▒<..▒.▒▒ .▒
▒▒▒....▒ .▒
▒▒.▒.▒▒▒▒▒▒▒
.▒
▒.........▒
.▒
▒......d!.▒
.▒
▒.........▒
.▒
▒.....<...▒
.▒
▒............
▒▒
▒.........▒.▒
▒.......▒▒▒.▒
▒......▒▒ .
▒▒▒▒▒▒.▒


8 There were no monsters in sight!


Message History

Found a stone staircase leading up.
Found a stone staircase leading up.
A centaur skeleton comes into view.
Found a golden potion.
A centaur skeleton is nearby!
The helpless centaur skeleton fails to defend itself.
You punch the centaur skeleton!
The centaur skeleton is moderately damaged.
The centaur skeleton barely misses you.
You punch the centaur skeleton! You tail-slap the centaur skeleton.
The centaur skeleton is severely damaged.
The centaur skeleton hits you but does no damage.
You punch the centaur skeleton!
You destroy the centaur skeleton!
Okawaru accepts your kill.
You have reached level 7!
Your scales start taking on an icy white colour.
You learn Fire Magic much slower.
You learn Ice Magic much quicker.
You can breathe waves of freezing cold.
You can buffet flying creatures when you breathe cold.
You feel resistant to cold.
Unknown command.
Saving game... please wait.
Options error: Bad object type '%' for autopickup. (~/.crawlrc:99) Options error: Unknown monster: "greater mummy:lightmagenta M" (~/.crawlrc:1395) Welcome back, sanka the White Draconian Monk.
Okawaru says: Bring me glory in combat!
Are you sure you want to abandon this character and quit the game? (Confirm with "yes".)

Action                   |  1- 3 |  4- 6 |  7- 9 || total
-------------------------+-------+-------+-------++-------
Melee: Unarmed           |   158 |   136 |       ||   294
       Tailslap          |    20 |    19 |       ||    39
       Punch             |     1 |     2 |       ||     3
Invok: Heroism           |     1 |     4 |       ||     5
 Stab: Sleeping          |     7 |     3 |       ||    10
Armor: Skin              |    40 |    30 |       ||    70
Dodge: Dodged            |   106 |    81 |       ||   187

Levels and vault maps discovered:
D:1:      dpeg_arrival_tiny_d, layout_loops_ring, okawaru_ov_weapons_minmay
D:2:      layout_basic, nicolae_overflow_hidden_temple, chequers_arboretum
D:3:      layout_rooms, eat_drink_and_be_merry_uskayaw, bloody_trog,
          gammafunk_temple_overflow_wave
D:4:      layout_rooms, grunt_gozag_statues

Notes
Turn   | Place    | Note
-------+----------+-------------------------------------------
     0 | D:1      | sanka the Draconian Monk began the quest for the Orb.
     0 | D:1      | Reached XP level 1. HP: 19/19 MP: 1/1
   140 | D:1      | Reached skill level 4 in Fighting
   140 | D:1      | Reached XP level 2. HP: 25/27 MP: 2/2
   187 | D:1      | Found an iron altar of Okawaru.
   196 | D:1      | Became a worshipper of Warmaster Okawaru
   196 | D:1      | Reached * piety under Okawaru
   196 | D:1      | Reached ** piety under Okawaru
   650 | D:1      | Reached skill level 1 in Invocations
   650 | D:1      | Reached XP level 3. HP: 33/33 MP: 3/3
  1625 | D:2      | Reached skill level 2 in Invocations
  1627 | D:2      | Reached XP level 4. HP: 12/40 MP: 3/5
  1635 | D:2      | Reached skill level 4 in Unarmed Combat
  2507 | D:3      | Found a bloodstained altar of Trog.
  2611 | D:3      | Found a hide-covered altar of Uskayaw.
  2646 | D:3      | Reached skill level 3 in Invocations
  2646 | D:3      | Reached XP level 5. HP: 44/46 MP: 7/7
  3015 | D:3      | Found a white marble altar of Elyvilon.
  3015 | D:3      | Found a glowing golden altar of the Shining One.
  3163 | D:4      | Noticed an ogre
  3173 | D:4      | Killed an ogre
  3174 | D:4      | Reached skill level 5 in Unarmed Combat
  3246 | D:4      | Reached skill level 4 in Invocations
  3246 | D:4      | Reached XP level 6. HP: 52/52 MP: 5/9
  3310 | D:4      | Noticed a sky beast
  3323 | D:4      | Killed a sky beast
  3323 | D:4      | Reached *** piety under Okawaru
  3324 | D:4      | Reached skill level 6 in Unarmed Combat
  3549 | D:4      | Your scales start taking on an icy white colour.
  3549 | D:4      | Reached XP level 7. HP: 59/59 MP: 10/10
  3549 | D:4      | Gained mutation: Your flesh is cold resistant. (rC+) [White
                  | Draconian growth]
  3549 | D:4      | Quit the game

Vanquished Creatures
  A sky beast (D:4)
  2 ogres (D:4)
  A scorpion (D:4)
  An orc wizard (D:2)
  A centaur skeleton (D:4)
  6 adders
  3 worms
  4 dart slugs
  3 leopard geckos
  3 orcs (D:2)
  3 giant cockroaches
  7 goblins
  8 hobgoblins
  8 jackals
  2 quokkas (D:4)
  A ball python (D:1)
  6 bats
  5 frilled lizards
  9 kobolds
  4 rats
78 creatures vanquished.
